TOP OF THE 1ST |
Columbus Reds batting - Pitching for Niagara Falls Phantoms : RHP Ben Cunningham
|
Pitching: RHP Ben Cunningham
|
|
Batting: LHB Keith Egan
|
0-0: Called Strike 0-1: SINGLE (Groundball, 34D, EV 103.8 MPH)
|
Batting: RHB Andy Bachman
|
0-0: SINGLE (Groundball, 56D, EV 96.2 MPH) Keith Egan to second
|
Batting: SHB Kristian Kristensen
|
0-0: Called Strike 0-1: Ball Wild Pitch! Keith Egan to third Andy Bachman to second 1-1: Foul Ball, location: 2F 1-2: Ball 2-2: Reached on error, E5 (Groundball, 56S, EV 85.0 MPH) Keith Egan scores Andy Bachman to third
|
Batting: LHB Matt Kennedy
|
0-0: Ball 1-0: Swinging Strike 1-1: Foul Ball, location: 2F 1-2: Hit by Pitch Kristian Kristensen to second
|
Batting: SHB Jaivata Mohanty
|
0-0: Ball 1-0: Called Strike 1-1: Ball 2-1: Called Strike 2-2: Foul Ball, location: 2F 2-2: Foul Ball, location: 2F 2-2: Ball 3-2: Base on Balls Andy Bachman scores Kristian Kristensen to third Matt Kennedy to second
|
Batting: LHB Jamie Spangenberg
|
0-0: Ball 1-0: Ball 2-0: Called Strike 2-1: Ball 3-1: Base on Balls Kristian Kristensen scores Matt Kennedy to third Jaivata Mohanty to second
|
Batting: RHB Sang-ton Pak
|
0-0: Swinging Strike 0-1: Foul Ball, location: 2F 0-2: Ball 1-2: Fly out, F8 (Flyball, 8RM, EV 90.0 MPH)
|
Batting: SHB Cesar Pelayo
|
0-0: GRAND SLAM HOME RUN (Flyball, 9D, EV 93.8 MPH), Distance : 363 ft
|
Batting: RHB Juan Zamora
|
0-0: Ball 1-0: SINGLE (Line Drive, 78S, EV 98.8 MPH)
|
Batting: LHB Keith Egan
|
0-0: SINGLE (Line Drive, 89M, EV 103.8 MPH) Juan Zamora to second
|
Batting: RHB Andy Bachman
|
0-0: Foul Ball, location: 2F 0-1: Foul Ball, location: 2F 0-2: Ground out 4-3 (Groundball, 34D, EV 101.9 MPH) Juan Zamora to third Keith Egan to second
|
Batting: SHB Kristian Kristensen
|
0-0: Ball 1-0: Foul Ball, location: 2F 1-1: Foul Ball, location: 2F 1-2: Foul Ball, location: 2F 1-2: Ball 2-2: SINGLE (Groundball, 4MD, EV 93.8 MPH) Juan Zamora scores Keith Egan to third Runner from 3rd tries for Home, SAFE, throw by CF to home
|
Pitching: LHP Jeremiah Walker
|
|
Batting: LHB Matt Kennedy
|
0-0: Ball 1-0: Foul Ball, location: 2F 1-1: Foul Ball, location: 2F 1-2: Ball 2-2: Ball 3-2: Fly out, F7 (Flyball, 8LS, EV 95.6 MPH)
|
Top of the 1st over - 9 runs, 6 hits, 1 error, 1 left on base; Columbus 9 - Niagara Falls 0 |
BOTTOM OF THE 1ST |
Niagara Falls Phantoms batting - Pitching for Columbus Reds : RHP Dave Baber
|
Pitching: RHP Dave Baber
|
|
Batting: LHB Justin O'Neal
|
0-0: Ball 1-0: Called Strike 1-1: Ball 2-1: Ball 3-1: Called Strike 3-2: Base on Balls
|
Batting: RHB Alfredo Rodriguez
|
0-0: DOUBLE (Line Drive, 9LM, EV 95.6 MPH) Justin O'Neal to third
|
Batting: SHB Ryan Buchbinder
|
0-0: Called Strike 0-1: 3-RUN HOME RUN (Line Drive, 9D, EV 103.8 MPH), Distance : 376 ft
|
Batting: RHB Nazeeh Zubair
|
0-0: Ball 1-0: Ball 2-0: Ball 3-0: Base on Balls
|
Batting: RHB Javier Umanzor
|
0-0: SINGLE (Line Drive, 89M, EV 104.4 MPH) Nazeeh Zubair to second
|
Batting: LHB Dale Anderson
|
0-0: Called Strike 0-1: Ball 1-1: Swinging Strike 1-2: Ball 2-2: Grounds into double play, 4-6-3 (Groundball, 34D, EV 92.5 MPH) Nazeeh Zubair to third
|
Batting: RHB Bill Nguyen-Tan
|
0-0: Ball 1-0: Called Strike 1-1: Ball 2-1: Foul Ball, location: 2F 2-2: Ball 3-2: SINGLE (Line Drive, 89S, EV 110.6 MPH) Nazeeh Zubair scores
|
Batting: LHB Steve LeGrand
|
0-0: Ball Bill Nguyen-Tan is caught stealing 2nd base 2-6
|
Bottom of the 1st over - 4 runs, 4 hits, 0 errors, 0 left on base; Columbus 9 - Niagara Falls 4 |
TOP OF THE 2ND |
Columbus Reds batting - Pitching for Niagara Falls Phantoms : LHP Jeremiah Walker
|
Batting: SHB Jaivata Mohanty
|
0-0: Called Strike 0-1: Ball 1-1: Ball 2-1: Swinging Strike 2-2: SINGLE (Groundball, 56D, EV 108.8 MPH)
|
Batting: LHB Jamie Spangenberg
|
0-0: Ball 1-0: Ground out 5-3 (Groundball, 56S, EV 73.8 MPH) Jaivata Mohanty to second
|
Batting: RHB Sang-ton Pak
|
0-0: Ball Balk! Jaivata Mohanty to third 1-0: Ground out 6-3 (Groundball, 6, EV 100.6 MPH) Jaivata Mohanty scores
|
Batting: SHB Cesar Pelayo
|
0-0: Ball 1-0: Ground out 2-3 (Groundball, 15S, EV 71.2 MPH)
|
Top of the 2nd over - 1 run, 1 hit, 0 errors, 0 left on base; Columbus 10 - Niagara Falls 4 |
BOTTOM OF THE 2ND |
Niagara Falls Phantoms batting - Pitching for Columbus Reds : RHP Dave Baber
|
Batting: LHB Steve LeGrand
|
0-0: Ball 1-0: Foul Ball, location: 2F 1-1: Called Strike 1-2: Ball 2-2: Foul Ball, location: 2F 2-2: Fly out, F9 (Flyball, 89M, EV 89.4 MPH)
|
Batting: RHB Jonathan Iniguez
|
0-0: Ball 1-0: Ball 2-0: SINGLE (Groundball, 34D, EV 101.9 MPH)
|
Batting: LHB Justin O'Neal
|
0-0: Called Strike 0-1: Hit by Pitch Jonathan Iniguez to second
|
Batting: RHB Alfredo Rodriguez
|
0-0: Called Strike 0-1: Called Strike 0-2: Foul Ball, location: 2F 0-2: Ball 1-2: Ball 2-2: Strikes out swinging
|
Batting: SHB Ryan Buchbinder
|
0-0: Ball 1-0: Swinging Strike 1-1: SINGLE (Groundball, 4MD, EV 105.0 MPH) Jonathan Iniguez to third Justin O'Neal to second Runner from 3rd tries for Home, throw by CF and OUT! 8-2
|
Bottom of the 2nd over - 0 runs, 2 hits, 0 errors, 2 left on base; Columbus 10 - Niagara Falls 4 |
TOP OF THE 3RD |
Columbus Reds batting - Pitching for Niagara Falls Phantoms : LHP Jeremiah Walker
|
Batting: RHB Juan Zamora
|
0-0: Ball 1-0: Ball 2-0: Foul Ball, location: 2F 2-1: Fly out, F8 (Flyball, 8RXD, EV 96.9 MPH)
|
Batting: LHB Keith Egan
|
0-0: Ball 1-0: Foul Ball, location: 2F 1-1: Ball 2-1: Foul Ball, location: 2F 2-2: Fly out, F4 (Line Drive, 4, EV 63.8 MPH)
|
Batting: RHB Andy Bachman
|
0-0: Reached on error, E2 (Groundball, 15S, EV 76.2 MPH)
|
Batting: SHB Kristian Kristensen
|
0-0: Foul Ball, location: 2F 0-1: Swinging Strike Balk! Andy Bachman to third 0-2: Ball 1-2: Ball 2-2: Ball 3-2: Fly out, F3 (Popup, 23F, EV 78.1 MPH)
|
Top of the 3rd over - 0 runs, 0 hits, 1 error, 1 left on base; Columbus 10 - Niagara Falls 4 |
BOTTOM OF THE 3RD |
Niagara Falls Phantoms batting - Pitching for Columbus Reds : RHP Dave Baber
|
Batting: RHB Nazeeh Zubair
|
0-0: Called Strike 0-1: Foul Ball, location: 2F 0-2: Hit by Pitch
|
Batting: RHB Javier Umanzor
|
0-0: Ball 1-0: Ball 2-0: Ball 3-0: Base on Balls Nazeeh Zubair to second
|
Batting: LHB Dale Anderson
|
0-0: Ball 1-0: Ball 2-0: Ball 3-0: Called Strike 3-1: Called Strike 3-2: SINGLE (Flyball, 3D, EV 88.8 MPH) Nazeeh Zubair to third Javier Umanzor to second
|
Batting: RHB Bill Nguyen-Tan
|
0-0: Swinging Strike 0-1: Ball 1-1: Reached on error, E7 (Flyball, 78D, EV 96.2 MPH) Nazeeh Zubair scores Javier Umanzor scores Dale Anderson to third
|
Pitching: RHP Aaron Barraza
|
|
Batting: LHB Steve LeGrand
|
0-0: Called Strike 0-1: Called Strike 0-2: Ball 1-2: Ball 2-2: Foul Ball, location: 2F 2-2: Ball 3-2: Ground out 3-1 (Groundball, 34S, EV 81.2 MPH) Dale Anderson scores Bill Nguyen-Tan to third
|
Batting: RHB Jonathan Iniguez
|
0-0: Fly out, F8 (Flyball, 8LD, EV 83.1 MPH) Runner from 3rd tags up, SCORES, no throw by CF
|
Batting: LHB Justin O'Neal
|
0-0: Ball 1-0: Called Strike 1-1: Foul Ball, location: 2F 1-2: Foul Ball, location: 2F 1-2: Ball 2-2: Ball 3-2: Base on Balls
|
Batting: RHB Alfredo Rodriguez
|
0-0: Ball 1-0: Foul Ball, location: 2F 1-1: Called Strike Justin O'Neal steals 2nd base 1-2: Ground out U3 (Groundball, 34S, EV 85.0 MPH)
|
Bottom of the 3rd over - 4 runs, 1 hit, 1 error, 1 left on base; Columbus 10 - Niagara Falls 8 |
TOP OF THE 4TH |
Columbus Reds batting - Pitching for Niagara Falls Phantoms : LHP Jeremiah Walker
|
Batting: LHB Matt Kennedy
|
0-0: Called Strike 0-1: Ball 1-1: Called Strike 1-2: Ball 2-2: Foul Ball, location: 2F 2-2: Ground out 5-3 (Groundball, 56S, EV 90.6 MPH)
|
Batting: SHB Jaivata Mohanty
|
0-0: Ball 1-0: Single, Error in OF, E7, batter to second base (Groundball, 56D, EV 101.9 MPH)
|
Batting: LHB Jamie Spangenberg
|
0-0: Ball 1-0: Ball 2-0: Called Strike 2-1: Foul Ball, location: 2F 2-2: Fly out, F3 (Line Drive, 3, EV 75.0 MPH) Lined into DP, 3-6 (Line Drive, 3, EV 75.6 MPH)
|
Top of the 4th over - 0 runs, 1 hit, 1 error, 0 left on base; Columbus 10 - Niagara Falls 8 |
BOTTOM OF THE 4TH |
Niagara Falls Phantoms batting - Pitching for Columbus Reds : RHP Aaron Barraza
|
Batting: SHB Ryan Buchbinder
|
0-0: Called Strike 0-1: Fly out, F7 (Flyball, 7LS, EV 93.8 MPH)
|
Batting: RHB Nazeeh Zubair
|
0-0: Called Strike 0-1: Ball 1-1: Swinging Strike 1-2: Foul Ball, location: 2F 1-2: Ball 2-2: Ball 3-2: SOLO HOME RUN (Flyball, 78XD, EV 106.9 MPH), Distance : 410 ft
|
Batting: RHB Javier Umanzor
|
0-0: Ball 1-0: Foul Ball, location: 2F 1-1: DOUBLE (Line Drive, 9LM, EV 103.8 MPH)
|
Batting: LHB Dale Anderson
|
0-0: Ground out U3 (Groundball, 3, EV 90.0 MPH) Javier Umanzor to third
|
Batting: RHB Bill Nguyen-Tan
|
0-0: Ball 1-0: Ground out 5-3 (Groundball, 15, EV 91.2 MPH)
|
Bottom of the 4th over - 1 run, 2 hits, 0 errors, 1 left on base; Columbus 10 - Niagara Falls 9 |
TOP OF THE 5TH |
Columbus Reds batting - Pitching for Niagara Falls Phantoms : LHP Jeremiah Walker
|
Batting: RHB Sang-ton Pak
|
0-0: Called Strike 0-1: Ball 1-1: Ball 2-1: SINGLE (Groundball, 25, EV 73.8 MPH) (infield hit)
|
Batting: SHB Cesar Pelayo
|
0-0: Called Strike Sang-ton Pak steals 2nd base 0-1: Fly out, F8 (Line Drive, 8RM, EV 105.6 MPH)
|
Batting: RHB Juan Zamora
|
0-0: Swinging Strike 0-1: Ball 1-1: Ball 2-1: Ball 3-1: Fly out, F7 (Flyball, 7LM, EV 111.2 MPH)
|
Batting: LHB Keith Egan
|
0-0: Ball 1-0: SINGLE (Line Drive, 89M, EV 100.0 MPH) Sang-ton Pak to third Runner from 3rd tries for Home, SAFE, throw by RF to home
|
Batting: RHB Andy Bachman
|
0-0: Called Strike Keith Egan steals 2nd base (no throw) 0-1: Foul Ball, location: 2F 0-2: Ball 1-2: Ball 2-2: SINGLE (Groundball, 6MD, EV 98.1 MPH) Keith Egan to third Throwing error, E8 Keith Egan scores Andy Bachman to second
|
Pitching: RHP Bryan Massey
|
|
Batting: SHB Kristian Kristensen
|
0-0: Foul Ball, location: 2F 0-1: Ball 1-1: Ball Wild Pitch! Andy Bachman to third 2-1: Ball 3-1: Called Strike 3-2: Ground out 4-3 (Groundball, 4, EV 105.0 MPH)
|
Top of the 5th over - 2 runs, 3 hits, 1 error, 1 left on base; Columbus 12 - Niagara Falls 9 |
BOTTOM OF THE 5TH |
Niagara Falls Phantoms batting - Pitching for Columbus Reds : RHP Aaron Barraza
|
Batting: LHB Steve LeGrand
|
0-0: Fly out, F8 (Line Drive, 8LM, EV 86.2 MPH)
|
Batting: RHB Jonathan Iniguez
|
0-0: Hit by Pitch
|
Batting: LHB Justin O'Neal
|
0-0: Ball 1-0: Fly out, F9 (Flyball, 9S, EV 89.4 MPH)
|
Batting: RHB Alfredo Rodriguez
|
0-0: Called Strike Jonathan Iniguez steals 2nd base 0-1: Ball 1-1: Foul Ball, location: 2F 1-2: Foul Ball, location: 2F 1-2: Foul Ball, location: 2F 1-2: Ground out 6-3 (Groundball, 6, EV 90.6 MPH)
|
Bottom of the 5th over - 0 runs, 0 hits, 0 errors, 1 left on base; Columbus 12 - Niagara Falls 9 |
TOP OF THE 6TH |
Columbus Reds batting - Pitching for Niagara Falls Phantoms : RHP Bryan Massey
|
Batting: LHB Matt Kennedy
|
0-0: Ball 1-0: Ball 2-0: Ball 3-0: Called Strike 3-1: Base on Balls
|
Batting: SHB Jaivata Mohanty
|
0-0: Ball 1-0: Swinging Strike 1-1: Fielders Choice at 2nd, 4-6 (Groundball, 4MD, EV 111.9 MPH)
|
Batting: LHB Jamie Spangenberg
|
0-0: Foul Ball, location: 2F 0-1: Called Strike Jaivata Mohanty steals 2nd base 0-2: Fly out, F8 (Flyball, 8RXD, EV 95.6 MPH) Runner from 2nd tags up, SAFE at 3rd, no throw by CF
|
Batting: RHB Sang-ton Pak
|
0-0: Ball 1-0: Called Strike 1-1: Called Strike 1-2: Foul Ball, location: 2F 1-2: Foul Ball, location: 2F 1-2: DOUBLE (Line Drive, 7LS, EV 103.1 MPH) Jaivata Mohanty scores
|
Batting: SHB Cesar Pelayo
|
0-0: Ball 1-0: Ball 2-0: Ball Wild Pitch! Sang-ton Pak to third 3-0: Base on Balls
|
Batting: RHB Juan Zamora
|
0-0: Called Strike 0-1: Ball 1-1: Swinging Strike 1-2: Ball 2-2: Foul Ball, location: 2F 2-2: Fly out, F9 (Line Drive, 9, EV 91.2 MPH)
|
Top of the 6th over - 1 run, 1 hit, 0 errors, 2 left on base; Columbus 13 - Niagara Falls 9 |
BOTTOM OF THE 6TH |
Niagara Falls Phantoms batting - Pitching for Columbus Reds : RHP Aaron Barraza
|
Batting: SHB Ryan Buchbinder
|
0-0: Ball 1-0: Ball 2-0: Ball 3-0: Base on Balls
|
Batting: RHB Nazeeh Zubair
|
0-0: Ball 1-0: Ball 2-0: Foul Ball, location: 2F 2-1: Ball 3-1: Base on Balls Ryan Buchbinder to second
|
Batting: RHB Javier Umanzor
|
0-0: Fielders Choice at 2nd, 5-4 (Groundball, 56D, EV 77.5 MPH) Ryan Buchbinder to third
|
Batting: LHB Dale Anderson
|
Balk! Ryan Buchbinder scores Javier Umanzor to second 0-0: 2-RUN HOME RUN (Flyball, 9D, EV 96.2 MPH), Distance : 369 ft
|
Batting: RHB Bill Nguyen-Tan
|
0-0: SINGLE (Line Drive, 4D, EV 95.6 MPH)
|
Batting: LHB Steve LeGrand
|
0-0: Foul Ball, location: 2F 0-1: Swinging Strike 0-2: Ball 1-2: Ball 2-2: Ball Wild Pitch! Bill Nguyen-Tan to second 3-2: Hit by Pitch
|
Pitching: RHP Gustavo Froio
|
|
Batting: RHB Jonathan Iniguez
|
0-0: Swinging Strike 0-1: Fly out, F7 (Flyball, 7LS, EV 72.5 MPH)
|
Batting: LHB Justin O'Neal
|
0-0: Ball 1-0: Ball 2-0: Called Strike 2-1: Foul Ball, location: 2F 2-2: Foul Ball, location: 2F 2-2: Ball 3-2: Ground out 6-3 (Groundball, 6, EV 98.8 MPH)
|
Bottom of the 6th over - 3 runs, 2 hits, 0 errors, 2 left on base; Columbus 13 - Niagara Falls 12 |
TOP OF THE 7TH |
Columbus Reds batting - Pitching for Niagara Falls Phantoms : RHP Bryan Massey
|
Batting: LHB Keith Egan
|
0-0: Called Strike 0-1: SINGLE (Groundball, 3D, EV 106.2 MPH)
|
Batting: RHB Andy Bachman
|
0-0: Ball 1-0: Ball Keith Egan steals 2nd base 2-0: Called Strike 2-1: Ball 3-1: Base on Balls
|
Batting: SHB Kristian Kristensen
|
0-0: Called Strike 0-1: Foul Ball, location: 2F 0-2: Ball 1-2: Ball 2-2: Ball 3-2: Foul Ball, location: 2F 3-2: Foul Ball, location: 2F 3-2: Foul Ball, location: 2F 3-2: Foul Ball, location: 2F 3-2: Base on Balls Keith Egan to third Andy Bachman to second
|
Batting: LHB Matt Kennedy
|
0-0: Foul Ball, location: 2F 0-1: Foul Ball, location: 2F 0-2: Ball 1-2: SINGLE (Flyball, 34D, EV 77.5 MPH) Keith Egan scores Andy Bachman to third Kristian Kristensen to second
|
Batting: SHB Jaivata Mohanty
|
0-0: Swinging Strike 0-1: Ball 1-1: Ball 2-1: Ball Wild Pitch! Andy Bachman scores Kristian Kristensen to third Matt Kennedy to second 3-1: Base on Balls
|
Batting: LHB Jamie Spangenberg
|
0-0: Ball 1-0: SINGLE (Groundball, 6D, EV 95.0 MPH) Kristian Kristensen scores Matt Kennedy to third Jaivata Mohanty to second Runner from 3rd tries for Home, SAFE, throw by CF to home
|
Pitching: LHP Larry Martell
|
|
Batting: RHB Sang-ton Pak
|
0-0: Ball 1-0: Ball 2-0: SINGLE (Groundball, 34D, EV 101.9 MPH) Jaivata Mohanty to third Jamie Spangenberg to second Runner from 3rd tries for Home, SAFE, throw by RF to home
|
Batting: SHB Cesar Pelayo
|
0-0: Called Strike 0-1: Foul Ball, location: 2F 0-2: SINGLE (Groundball, 34D, EV 101.9 MPH) Jamie Spangenberg to third Sang-ton Pak to second Runner from 3rd tries for Home, throw by RF and OUT! 9-2 Sang-ton Pak to third Cesar Pelayo to second
|
Batting: RHB Juan Zamora
|
0-0: Ball 1-0: Ball 2-0: Ball 3-0: Called Strike 3-1: Base on Balls
|
Batting: LHB Keith Egan
|
0-0: Ball 1-0: Fly out, F9 (Flyball, 9S, EV 87.5 MPH)
|
Batting: RHB Andy Bachman
|
0-0: Called Strike 0-1: Hit by Pitch Sang-ton Pak scores Cesar Pelayo to third Juan Zamora to second
|
Batting: SHB Kristian Kristensen
|
Balk! Cesar Pelayo scores Juan Zamora to third Andy Bachman to second 0-0: Ball 1-0: Ball 2-0: 3-RUN HOME RUN (Flyball, 78XD, EV 104.4 MPH), Distance : 407 ft
|
Pitching: RHP Mark Stafford
|
|
Pinch Hitting: SHB David Garnica
|
0-0: Swinging Strike 0-1: Ball 1-1: Called Strike 1-2: Ball 2-2: Ground out 6-3 (Groundball, 56, EV 82.5 MPH)
|
Top of the 7th over - 10 runs, 6 hits, 0 errors, 0 left on base; Columbus 23 - Niagara Falls 12 |
BOTTOM OF THE 7TH |
Niagara Falls Phantoms batting - Pitching for Columbus Reds : RHP Gustavo Froio
|
Now in LF: Jay Harrison
|
|
Batting: RHB Alfredo Rodriguez
|
0-0: Ball 1-0: Ball 2-0: Foul Ball, location: 2F 2-1: Fly out, F8 (Flyball, 8RM, EV 96.9 MPH)
|
Batting: SHB Ryan Buchbinder
|
0-0: Ball 1-0: Ball 2-0: SOLO HOME RUN (Flyball, 89XD, EV 101.9 MPH), Distance : 400 ft
|
Batting: RHB Nazeeh Zubair
|
0-0: Ball 1-0: SINGLE (Groundball, 4MD, EV 106.2 MPH)
|
Batting: RHB Javier Umanzor
|
0-0: Called Strike 0-1: Foul Ball, location: 2F 0-2: Ball 1-2: Foul Ball, location: 2F 1-2: Fly out, F7 (Line Drive, 7, EV 89.4 MPH)
|
Batting: LHB Dale Anderson
|
0-0: Called Strike 0-1: Ball 1-1: Called Strike 1-2: Ball 2-2: Fly out, F2 (Popup, 2LF, EV 89.4 MPH)
|
Bottom of the 7th over - 1 run, 2 hits, 0 errors, 1 left on base; Columbus 23 - Niagara Falls 13 |
TOP OF THE 8TH |
Columbus Reds batting - Pitching for Niagara Falls Phantoms : RHP Mark Stafford
|
Batting: SHB Jaivata Mohanty
|
0-0: Ball 1-0: Swinging Strike 1-1: Foul Ball, location: 2F 1-2: Strikes out swinging
|
Batting: LHB Jamie Spangenberg
|
0-0: Foul Ball, location: 2F 0-1: Ball 1-1: Called Strike 1-2: Ball 2-2: Foul Ball, location: 2F 2-2: Fly out, F8 (Flyball, 89D, EV 101.9 MPH)
|
Batting: RHB Sang-ton Pak
|
0-0: Called Strike 0-1: Foul Ball, location: 2F 0-2: Strikes out swinging
|
Top of the 8th over - 0 runs, 0 hits, 0 errors, 0 left on base; Columbus 23 - Niagara Falls 13 |
BOTTOM OF THE 8TH |
Niagara Falls Phantoms batting - Pitching for Columbus Reds : RHP Gustavo Froio
|
Batting: RHB Bill Nguyen-Tan
|
0-0: Called Strike 0-1: Ground out 6-3 (Groundball, 6, EV 85.6 MPH)
|
Batting: LHB Steve LeGrand
|
0-0: Ball 1-0: Swinging Strike 1-1: Called Strike 1-2: Ball 2-2: SINGLE (Line Drive, 4D, EV 101.2 MPH)
|
Pitching: RHP Elijah Benton
|
|
Batting: RHB Jonathan Iniguez
|
0-0: Ball 1-0: Ball 2-0: Ball 3-0: Base on Balls Steve LeGrand to second
|
Batting: LHB Justin O'Neal
|
0-0: Called Strike 0-1: Ball 1-1: Ball 2-1: SINGLE (Groundball, 4M, EV 109.4 MPH) (infield hit) Steve LeGrand to third Jonathan Iniguez to second
|
Batting: RHB Alfredo Rodriguez
|
0-0: Ball 1-0: Fly out, F3 (Popup, 3F, EV 71.9 MPH)
|
Batting: SHB Ryan Buchbinder
|
0-0: Called Strike 0-1: Ball 1-1: Ball 2-1: Ball 3-1: Base on Balls Steve LeGrand scores Jonathan Iniguez to third Justin O'Neal to second
|
Batting: RHB Nazeeh Zubair
|
0-0: Ball 1-0: Swinging Strike 1-1: Foul Ball, location: 2F 1-2: Fly out, F9 (Line Drive, 9, EV 91.2 MPH)
|
Bottom of the 8th over - 1 run, 2 hits, 0 errors, 3 left on base; Columbus 23 - Niagara Falls 14 |
TOP OF THE 9TH |
Columbus Reds batting - Pitching for Niagara Falls Phantoms : RHP Mark Stafford
|
Batting: SHB Cesar Pelayo
|
0-0: Ball 1-0: Foul Ball, location: 2F 1-1: Foul Ball, location: 2F 1-2: Strikes out swinging
|
Batting: RHB Juan Zamora
|
0-0: Ball 1-0: Called Strike 1-1: Ball 2-1: Foul Ball, location: 2F 2-2: Ball 3-2: Strikes out looking
|
Batting: LHB Keith Egan
|
0-0: Ball 1-0: Ball 2-0: Ball 3-0: Called Strike 3-1: Foul Ball, location: 2F 3-2: Base on Balls
|
Batting: RHB Andy Bachman
|
0-0: Ball Keith Egan steals 2nd base 1-0: Ball 2-0: SINGLE (Flyball, 4MD, EV 85.6 MPH) Keith Egan to third Runner from 3rd tries for Home, SAFE, throw by CF to home
|
Pitching: RHP Francisco Rosado
|
|
Batting: SHB Kristian Kristensen
|
0-0: Foul Ball, location: 2F 0-1: Ground out 6-3 (Groundball, 6M, EV 101.9 MPH)
|
Top of the 9th over - 1 run, 1 hit, 0 errors, 1 left on base; Columbus 24 - Niagara Falls 14 |
BOTTOM OF THE 9TH |
Niagara Falls Phantoms batting - Pitching for Columbus Reds : RHP Elijah Benton
|
Batting: RHB Javier Umanzor
|
0-0: Swinging Strike 0-1: Ball 1-1: Ball 2-1: Ball 3-1: SINGLE (Flyball, 3D, EV 93.8 MPH)
|
Batting: LHB Dale Anderson
|
0-0: Ball Wild Pitch! Javier Umanzor to second 1-0: Ball 2-0: Ball 3-0: Called Strike 3-1: Called Strike 3-2: Ground out 6-3 (Groundball, 6M, EV 86.9 MPH) Javier Umanzor to third
|
Batting: RHB Bill Nguyen-Tan
|
0-0: Ball 1-0: Ball 2-0: Called Strike 2-1: Ball 3-1: SINGLE (Groundball, 56S, EV 71.9 MPH) (infield hit) Javier Umanzor scores
|
Batting: LHB Steve LeGrand
|
0-0: Fielders Choice at 2nd, 4-6 (Groundball, 4S, EV 87.5 MPH)
|
Batting: RHB Jonathan Iniguez
|
0-0: Reached on error, E3 (Groundball, 34S, EV 82.5 MPH) Steve LeGrand to second
|
Batting: LHB Justin O'Neal
|
0-0: Called Strike 0-1: Fly out, F8 (Flyball, 89M, EV 89.4 MPH)
|
Bottom of the 9th over - 1 run, 2 hits, 1 error, 2 left on base; Columbus 24 - Niagara Falls 15 |
|